 Dungeon Crawl Stone Soup version 0.23-a0-49-gd9f7a49 (webtiles) character file.

110 topirishpotato the Sneak (level 4, -1/31 HPs)
             Began as an Octopode Monk on Aug 7, 2018.
             Slain by an orc
             ... wielding a +0 whip
              (2 damage)
             ... on level 3 of the Dungeon.
             The game lasted 00:04:23 (2222 turns).

topirishpotato the Sneak (Octopode Monk)            Turns: 2222, Time: 00:04:24

Health: -1/31      AC:  1    Str:  7 (10) XL:     4   Next: 91%
Magic:  4/4        EV: 18    Int: 10 (12) God:
Gold:   71         SH:  0    Dex: 14 (15) Spells: 3/3 levels left

rFire    . . .     SeeInvis .     - Unarmed
rCold    . . .     Gourm    .   (no shield)
rNeg     . . .     Faith    .   (helmet restricted)
rPois    .         Spirit   .   (no amulet)
rElec    .         Reflect  .   h - ring of protection from magic
rCorr    .         Harm     .   e - +4 ring of evasion
MR       +....                  (no ring)
Stlth    ++++......             (no ring)
HPRegen  0.10/turn              (no ring)
MPRegen  0.09/turn              (no ring)
                                (no ring)
                                (no ring)

@: no status effects
A: almost no armour, stealthy swim, amphibious, 8 rings, constrict 8, camouflage
1, gelatinous body 1
a: no special abilities


You were on level 3 of the Dungeon.
You were hungry.

You visited 1 branch of the dungeon, and saw 3 of its levels.

You collected 71 gold pieces.

Inventory:

Missiles
 j - 36 arrows
Jewellery
 e - a +4 ring of evasion (right tentacle)
 h - a ring of protection from magic (left tentacle)
 n - an uncursed ring of protection from magic
Scrolls
 c - 3 scrolls of fear {unknown}
 d - 3 scrolls of identify {unknown}
 i - a scroll of remove curse {unknown}
 k - a scroll of fog {unknown}
 l - a scroll of immolation
 o - a scroll of enchant weapon {unknown}
Potions
 b - a potion of lignification {unknown}
 g - a potion of degeneration
 m - a potion of mutation {unknown}
Comestibles
 a - 5 rations


   Skills:
 + Level 3.2 Fighting
 + Level 3.5 Dodging
 + Level 4.8 Stealth
 + Level 4.0 Unarmed Combat


You had 3 spell levels left.
You didn't know any spells.
Your spell library was empty.

Dungeon Overview and Level Annotations

Branches:
Dungeon (3/15)

Altars:
Sif Muna


Innate Abilities, Weirdness & Mutations

You cannot wear most types of armour.
You are very stealthy in the water. (Stealth+)
You are amphibious.
You can wear up to eight rings at the same time.
You can use your tentacles to constrict eight enemies at once.
Your skin changes colour to match your surroundings (Stealth+).
Your rubbery body absorbs attacks. (AC +1, EV +1)


Message History

The orc wizard seems to speed up.
The orc priest invokes the aid of Beogh against you.
Beogh smites you!
You tentacle-slap the orc wizard.
The orc wizard is moderately wounded.
You constrict the orc wizard. The orc wizard hits you with a dagger.
The orc priest mumbles some strange prayers to Beogh against you.
Beogh smites you!
* * * LOW HITPOINT WARNING * * *
The orc wizard completely misses you.
It was a potion of degeneration.
There was something very wrong with that liquid.
You feel weakened.
You feel dopey.
You feel clumsy.
You constrict the orc wizard.
The orc wizard casts a spell.
The orc wizard blinks free!
It was a potion of curing.
You feel better. The orc hits you with a dagger.
* * * LOW HITPOINT WARNING * * *
The orc hits you with a whip.
You die...

#............ #.............
#.............
#............. #............
#...oo....... #...o§...#
#...o@...######## #...
....#...............# ##..#
#...................# .P..#
#......o............# ....#
#...................#
....####...................#
#......#...#...............#
#......#...................#
...........................#


You could see an orc priest, an orc wizard and 3 orcs.

Vanquished Creatures
  A hound (D:3)
  2 adders
  2 worms
  A dart slug (D:3)
  A leopard gecko (D:3)
  An orc (D:3)
  4 giant cockroaches
  7 goblins
  3 hobgoblins
  5 jackals
  3 quokkas
  8 bats
  2 frilled lizards
  3 kobolds (D:1)
  6 rats
49 creatures vanquished.

Notes
Turn   | Place    | Note
-------+----------+-------------------------------------------
     0 | D:1      | topirishpotato the Octopode Monk began the quest for the Orb.
     0 | D:1      | Reached XP level 1. HP: 16/16 MP: 1/1
   170 | D:1      | Reached XP level 2. HP: 21/21 MP: 2/2
   610 | D:1      | Reached XP level 3. HP: 20/26 MP: 3/3
  1230 | D:2      | Found a deep blue altar of Sif Muna.
  1957 | D:3      | Reached XP level 4. HP: 30/31 MP: 4/4
  2220 | D:3      | HP: 1/31 [orc priest/divine providence (10)]
  2222 | D:3      | Slain by an orc

Vault maps used:
D:1:      dpeg_arrival_radiant
D:2:      led_sif_pool
D:3:      corexii_shack_village

Skill      XL: |  1  2  3  4 |
---------------+-------------+-----
Stealth        | 3 4 |  4.8
Unarmed Combat | 4 |  4.0
Fighting       | |  3.2
Dodging        | |  3.5

Action                   |  1- 3 |  4- 6 || total
-------------------------+-------+-------++-------
Melee: Unarmed           |    71 |    35 ||   106
       Constrict         |    20 |     7 ||    27
       Tentacles         |    15 |     6 ||    21
  Use: Potion            |     3 |     2 ||     5
       Scroll            |     3 |       ||     3
 Stab: Sleeping          |    19 |     2 ||    21
  Eat: Chunk             |     2 |     1 ||     3
Armor: Skin              |     6 |       ||     6
Dodge: Dodged            |    48 |    25 ||    73

Table legend:
 A = Spawn XP
 B = Non-spawn XP
 C = Spawn XP percentage of total XP
 D = Spawn monster count
 E = Non-spawn monster count
 F = Spawn count percentage of total count
 G = Total turns spent on level
                    A         B        C        D         E        F      G
               +---------+---------+-------+---------+---------+-------+---------
         Total |       0 |     158 |   0.0 |       0 |      49 |   0.0 |  2222
               +---------+---------+-------+---------+---------+-------+---------
           D:1 |       0 |      36 |   0.0 |       0 |      22 |   0.0 |  1097
           D:2 |       0 |      32 |   0.0 |       0 |      11 |   0.0 |   807
           D:3 |       0 |      90 |   0.0 |       0 |      16 |   0.0 |   318
               +---------+---------+-------+---------+---------+-------+---------
